 Dungeon Crawl Stone Soup version 0.28-a0-1435-g82390b3a13 (webtiles) character file.

Game seed: 9626706166619570505

309797 dolemite99 the Warrior (level 20, -2/191 HPs)
             Began as a Minotaur Gladiator on Jan 10, 2022.
             Was a High Priest of the Shining One.
             Slain by a vampire knight (15 damage)
             ... while paralysed by a fenstrider witch
             ... on level 1 of the Depths.
             The game lasted 01:42:47 (70699 turns).

dolemite99 the Warrior (Minotaur Gladiator)        Turns: 70699, Time: 01:42:48

Health: -2/191     AC: 29    Str: 32    XL:     20   Next: 38%
Magic:  23/30      EV:  2    Int: 12    God:    the Shining One [*****.]
Gold:   2021       SH:  0    Dex: 14    Spells: 19/19 levels left

rFire   + + .      SeeInvis .   a - +2 quarterstaff (flame)
rCold   . . .      Faith    +   (shield currently unavailable)
rNeg    + + .      Spirit   .   Z - +3 chain mail {rF+}
rPois   .          Reflect  .   c - +2 hat
rElec   .          Harm     .   C - +1 cloak
rCorr   .          Rampage  .   D - +1 pair of gloves
Will    +....                   J - +2 pair of boots
Stlth   ..........              Y - amulet of faith
HPRegen 0.41/turn               u - +6 ring of strength
MPRegen 0.22/turn               g - ring of Ynoclor {rF+ Int+7}

@: paralysed, lethally poisoned (-2 -> -26), glowing
A: horns 2, retaliatory headbutt
}: 2/15 runes: decaying, gossamer
a: Renounce Religion, Divine Shield, Cleansing Flame, Summon Divine Warrior


You were on level 1 of the Depths.
You worshipped the Shining One.
The Shining One was extremely pleased with you.
You visited 7 branches of the dungeon, and saw 36 of its levels.

You collected 3923 gold pieces.
You spent 1902 gold pieces at shops.

Inventory:

Hand Weapons
 a - a +2 quarterstaff of flaming (weapon)
 b - a +4 longbow of flaming
 n - the +0 short sword "Xemnocs" {vorpal, rElec Will++ Str+2}
   (You bought it in a shop on level 9 of the Dungeon)

   It inflicts extra damage upon your enemies.
   Str:       It affects your strength (+2).
   rElec:     It insulates you from electricity.
   Will:      It greatly increases your willpower.
 w - a +2 great mace of holy wrath
 P - a +4 dire flail of protection
Missiles
 d - 8 throwing nets
 f - 137 poisoned darts
 r - 216 arrows
 v - 889 stones
 I - 14 curare-tipped darts (quivered)
Armour
 c - a +2 hat (worn)
 C - a +1 cloak (worn)
 D - a +1 pair of gloves (worn)
 J - a +2 pair of boots (worn)
 Z - a +3 chain mail of fire resistance (worn)
Magical Staves
 T - a staff of poison
Jewellery
 e - an amulet of reflection
 g - the ring of Ynoclor (right hand) {rF+ Int+7}
   (You took it off a wizard on level 4 of the Vaults)

   [ring of protection from fire]

   Int:       It affects your intelligence (+7).
   rF:        It protects you from fire.
 m - a ring of poison resistance
 u - a +6 ring of strength (left hand)
 G - a ring of ice
 W - an amulet of magic regeneration
 Y - an amulet of faith (around neck)
Wands
 h - a wand of digging (5)
 p - a wand of paralysis (3)
 q - a wand of polymorph (8)
 O - a wand of charming (6)
 V - a wand of flame (2)
Scrolls
 i - 6 scrolls of immolation
 j - a scroll of enchant armour
 k - 2 scrolls of noise
 t - a scroll of teleportation
 x - 3 scrolls of fog
 y - a scroll of brand weapon
 z - 2 scrolls of magic mapping
 M - 2 scrolls of blinking
 N - 16 scrolls of identify {@r1}
 Q - 2 scrolls of silence
 U - a scroll of vulnerability
 X - 2 scrolls of holy word
Potions
 o - 4 potions of berserk rage
 s - 3 potions of brilliance
 A - 4 potions of lignification
 B - 6 potions of ambrosia
 E - 4 potions of curing
 H - 7 potions of attraction
 K - 2 potions of flight
 L - a potion of heal wounds
 S - 3 potions of resistance
Miscellaneous
 l - a lightning rod (4/4)
 F - a lightning rod (4/4)


   Skills:
 - Level 19.0 Fighting
 - Level 16.8(18.7) Maces & Flails
 - Level 14.0(17.3) Staves
 - Level 18.4 Bows
 - Level 2.0 Throwing
 + Level 18.1 Armour
 - Level 12.2 Dodging
 - Level 15.1 Invocations
 - Level 7.1 Evocations


You had 19 spell levels left.
You didn't know any spells.
Your spell library contained the following spells:

 Spells                   Type           Power      Damage    Failure   Level
 Magic Dart               Conj           0%         1d3       65%         1
 Shock                    Conj/Air       0%         1d3       65%         1
 Summon Small Mammal      Summ           0%         N/A       65%         1
 Call Imp                 Summ           0%         N/A       80%         2
 Ensorcelled Hibernation  Hex/Ice        0%         N/A       80%         2
 Passwall                 Tmut/Erth      0%         N/A       80%         2
 Sublimation of Blood     Necr           0%         N/A       80%         2
 Call Canine Familiar     Summ           0%         N/A       95%         3
 Dazzling Flash           Conj/Hex       0%         N/A       95%         3
 Frozen Ramparts          Ice            0%         1d2       95%         3
 Gell's Gravitas          Tloc           0%         N/A       95%         3
 Ignite Poison            Fire/Tmut/Pois 0%         N/A       95%         3
 Lesser Beckoning         Tloc           0%         N/A       95%         3
 Mephitic Cloud           Conj/Pois/Air  0%         N/A       95%         3
 Portal Projectile        Hex/Tloc       0%         N/A       95%         3
 Summon Guardian Golem    Hex/Summ       0%         N/A       95%         3
 Swiftness                Air            0%         N/A       95%         3
 Teleport Other           Tloc           0%         N/A       95%         3
 Tukima's Dance           Hex            0%         N/A       95%         3
 Airstrike                Air            0%         N/A       100%        4
 Animate Armour           Summ/Erth      0%         N/A       100%        4
 Ice Form                 Ice/Tmut       0%         N/A       100%        4
 Iskenderun's Mystic Bla  Conj/Tloc      0%         2d3       100%        4
 Olgreb's Toxic Radiance  Pois           0%         N/A       100%        4
 Petrify                  Tmut/Erth      0%         N/A       100%        4
 Summon Ice Beast         Ice/Summ       0%         N/A       100%        4
 Summon Lightning Spire   Summ/Air       0%         N/A       100%        4
 Agony                    Necr           0%         N/A       100%        5
 Blade Hands              Tmut           0%         N/A       100%        5
 Excruciating Wounds      Necr           0%         N/A       100%        5
 Freezing Cloud           Conj/Ice/Air   0%         6-21      100%        5
 Irradiate                Conj/Tmut      0%         3d13      100%        5
 Lightning Bolt           Conj/Air       0%         1d11      100%        5
 Silence                  Hex/Air        0%         N/A       100%        5
 Iron Shot                Conj/Erth      0%         9d1       100%        6
 Starburst                Conj/Fire      0%         6d3       100%        6
 Enfeeble                 Hex            0%         N/A       100%        7
 Ozocubu's Refrigeration  Ice            0%         4d5       100%        7
 Ignition                 Fire           0%         3d3       100%        8


Dungeon Overview and Level Annotations

Branches:
Dungeon (15/15)            Temple (0/1) D:7            Lair (6/6) D:11
  Swamp (4/4) Lair:3       Spider (4/4) Lair:3        Slime (0/5) Lair:6
    Orc (2/2) D:10            Elf (0/3) Orc:2        Vaults (4/5) D:13
  Crypt (0/3) Vaults:3     Depths (1/4) D:15

Altars:
Dithmenos
Elyvilon
Hepliaklqana
Qazlal
Vehumet
Xom
Yredelemnul
The Shining One
Beogh
Jiyva
Lugonu

Shops:
D:2 [   D:5 [   D:9 (   D:14 (   Orc:2 [?=?   Vaults:1 *   Vaults:4 *

Annotations:
D:10 3 runed translucent doors, HallandMoats's ghost, journeyman DjFi
D:14 2 transporters
Lair:6 1 runed translucent door
Swamp:4 1 runed translucent door, HallandMoats's ghost, adept MiFi


Innate Abilities, Weirdness & Mutations

You have a pair of horns on your head.
You reflexively headbutt those who attack you in melee.


Message History

The fenstrider witch misses you. You furiously retaliate!
You headbutt the fenstrider witch, but do no damage.
The fenstrider witch kicks you but does no damage.
Your unstable footing causes you to fumble your attack.
You fester in the toxic bog!
You are more poisoned.
You feel extremely sick.
Okay, then.
You are momentarily dazzled by a brilliant light.
You fester in the toxic bog!
You are more poisoned.
You feel extremely sick.
The fenstrider witch casts a spell at you.
You suddenly lose the ability to move!
The fenstrider witch gestures at you while chanting.
You resist with significant effort.
You feel extremely sick. The fenstrider witch hits you.
The fenstrider witch kicks you but does no damage.
Your daeva hits the fenstrider witch with a +5 scimitar of holy wrath!!
Your daeva hits the fenstrider witch with a +5 scimitar of holy wrath!
* * * LOW HITPOINT WARNING * * *
You feel extremely sick.
The fenstrider witch hits you but does no damage.
The fenstrider witch kicks you but does no damage.
Your daeva calls down the wrath of the Shining One upon the fenstrider witch.
The fenstrider witch is smitten.
* * * LOW HITPOINT WARNING * * *
You feel extremely sick.
The fenstrider witch casts a spell at you.
You barely resist.
Your daeva calls down the wrath of the Shining One upon the fenstrider witch.
The fenstrider witch is smitten.
The fenstrider witch hits you.
* * * LOW HITPOINT WARNING * * *
The fenstrider witch kicks you!
* * * LOW HITPOINT WARNING * * *
* * * LOW HITPOINT WARNING * * *
You feel extremely sick.
The vampire knight hits you with a +0 battleaxe!
You die...

..≈≈.......#.##,,,,,,,##.#,,,,,,,
..≈≈......^#...##,,,##...#,,,,,,,
...≈..[#...#.(...###.....#,,,,**,
.......#...##...........#*,,,,*,,
.^.....#....###.......#**,**,***,
........#....≈####'#####****** **
############...A(......# *
................HV.....##**
#...#......#....@.......#,*
...#...##.##...........##,**
#.#...##...#.........≈....,*
.##..##.##.#.........≈≈≈≈.*****
############.........≈≈≈≈),,,,* *
,,,,,,,,,,.........##.###.***,***
,,,,,,,,,..........#,...,,,,,,,,,
,,,,,,,,,...........,*#.***,***,*
,,,,,,,,,..........#.*,,,,,,,,,,,


You could see a vampire knight, a fenstrider witch (ally target) and a friendly
daeva (summoned).

Vanquished Creatures
  A golden dragon (Vaults:2)
  Mlioglotl (Spider:1)
  Jorgrun (Swamp:2)
  Asterion (Spider:4)
  A quicksilver dragon (Vaults:2)
  A shadow dragon (Vaults:2)
  2 sphinxes
  A tengu reaver (Depths:1)
  A fenstrider witch (Swamp:1)
  A fire giant (shapeshifter) (Vaults:2)
  A fire giant (Vaults:4)
  3 emperor scorpions
  2 frost giants
  2 orc warlords (Vaults:3)
  7 vault wardens
  6 ghost moths
  2 stone giants
  3 very ugly things (Vaults:4)
  5 ironbound preservers
  4 broodmothers (Spider:2)
  3 ironbound thunderhulks
  An eleionoma (Swamp:2)
  4 entropy weavers
  3 bunyips
  6 dire elephants
  3 spark wasps (Spider:2)
  Snorg (Lair:6)
  An eidolon (Vaults:3)
  5 yaktaur captains
  2 ettins (Depths:1)
  Josephine (D:13)
  A shambling mangrove (Swamp:4)
  13 hydras
  3 ice dragons (Depths:1)
  13 vault guards
  A rakshasa (Depths:1)
  4 great orbs of eyes
  Harold (D:7)
  6 boulder beetles
  A death knight (D:10)
  A spriggan air mage (Swamp:4)
  Erica (Lair:1)
  7 ironbound frosthearts
  4 catoblepae
  13 centaur warriors
  2 ghost crabs (Swamp:4)
  An alligator (Swamp:1)
  3 two-headed ogres
  3 radroaches (Spider:2)
  A satyr (shapeshifter) (D:13)
  3 tengu warriors
  An orc high priest (Orc:2)
  A death yak (Lair:6)
  Urug (D:13)
  Sonja (Lair:3)
  A soul eater (Vaults:3)
  6 hell knights
  8 pharaoh ants
  16 deep trolls
  5 goliath frogs
  2 steelbarb worms
  A sun moth (Spider:3)
  5 swamp dragons
  16 skeletal warriors
  7 orb spiders
  2 glowing orange brains
  8 bog bodies
  2 spriggan druids
  3 spectral hydras (Swamp:4)
  5 lindwurms
  10 orc knights
  17 ironbound convokers
  3 phantasmal warriors
  5 deep elf pyromancers
  26 ugly things
  A necromancer (Vaults:2)
  6 wizards
  28 wolf spiders
  3 harpies
  6 cyclopes
  2 orc sorcerers (Orc:2)
  An oklob plant (Swamp:4)
  3 manticores
  Joseph (D:7)
  3 moths of wrath
  6 will-o-the-wisps
  4 black mambas
  14 vault sentinels
  A gargoyle (D:12)
  9 cane toads
  10 elephants (Lair:5)
  A naga mage (D:15)
  Maggie (Lair:1)
  3 rime drakes
  3 unseen horrors
  A torpor snail (Spider:4)
  A kobold demonologist (D:10)
  3 demonic crawlers
  13 komodo dragons
  2 swamp worm zombies (Swamp:4)
  3 efreet
  22 yaktaurs
  A hydra zombie (Swamp:4)
  7 trolls
  12 tyrant leeches
  14 meliai
  2 bloated husks
  4 polar bears
  17 hornets
  19 tarantellas
  A meliai zombie (D:10)
  5 alligator zombies (Swamp:4)
  A spectral swamp dragon (Swamp:4)
  3 blink frogs (Lair:2)
  13 slime creatures
  30 jumping spiders
  9 spriggans
  22 yaks
  12 culicivoras
  A water elemental (D:14)
  5 wyverns
  10 wraiths
  A vampire (D:12)
  Eustachio (D:6)
  A human (shapeshifter) (D:14)
  7 basilisks
  72 redbacks
  10 vampire mosquitoes
  A steam dragon (D:9)
  5 wargs
  18 swamp worms
  2 acid dragons
  2 floating eyes (Depths:1)
  15 water moccasins
  2 swamp drakes
  25 orc warriors
  An ice beast (D:5)
  2 sky beasts
  4 black bears
  A black bear (shapeshifter) (Depths:1)
  5 swamp dragon zombies (Swamp:4)
  2 necrophages
  15 ogres
  16 wolves
  9 centaurs
  3 phantoms
  10 bullfrogs
  6 kobold brigands
  13 gnoll sergeants
  3 scorpions
  A water moccasin zombie (D:5)
  9 killer bees
  8 wights
  A vampire bat (D:4)
  7 electric eels
  2 howler monkeys (D:10)
  2 bullfrog zombies
  2 bullfrog skeletons (D:6)
  2 hounds
  Crazy Yiuf (D:6)
  17 orc priests
  4 jellies
  Ijyb (D:3)
  A centaur skeleton (D:6)
  A gnoll shaman (D:7)
  2 iguanas (D:5)
  19 orc wizards
  A hound skeleton (D:5)
  2 howler monkey zombies
  20 gnolls
  A swamp drake zombie (Swamp:4)
  6 adders
  A shadow imp (D:7)
  A white imp (D:6)
  A worm (D:4)
  3 dart slugs
  3 fire bats (D:4)
  62 orcs
  2 spectral bats (D:4)
  3 bat skeletons (D:4)
  A bat zombie (D:4)
  5 endoplasms
  3 giant cockroaches
  7 goblins
  4 hobgoblins
  7 ball pythons
  12 bats
  A bat simulacrum (D:4)
  3 frilled lizards
  22 kobolds
  5 rats
1157 creatures vanquished.

Vanquished Creatures (collateral kills)
  A bone dragon (Swamp:4)
  A tengu reaver (Vaults:3)
  A sphinx (Vaults:3)
  An emperor scorpion (Spider:4)
  A deep elf sorcerer (Vaults:4)
  4 vault wardens
  4 ironbound preservers
  2 ironbound thunderhulks
  5 very ugly things
  An entropy weaver (Spider:1)
  4 dire elephants (Vaults:3)
  2 spark wasps
  An ettin (Vaults:3)
  A yaktaur captain (Vaults:2)
  Fannar (Lair:2)
  A radroach (Spider:1)
  5 hydras
  5 vault guards
  A ghost crab (Swamp:4)
  An ironbound frostheart (Vaults:4)
  A catoblepas (Lair:6)
  6 death yaks (Lair:6)
  3 orc high priests (Orc:2)
  3 spriggans
  A hell knight (Vaults:2)
  A skeletal warrior (Vaults:3)
  A sun moth (Spider:1)
  A pharaoh ant (Spider:2)
  A steelbarb worm (Spider:1)
  2 goliath frogs (Swamp:1)
  A spectral hydra (Swamp:4)
  3 orb spiders
  4 wizards
  A bog body (Swamp:1)
  4 ironbound convokers (Vaults:2)
  2 orc knights (Orc:2)
  5 ugly things
  3 wolf spiders
  2 orc sorcerers (Orc:2)
  A slime creature (D:15)
  A will-o-the-wisp (Swamp:1)
  A cyclops (D:15)
  2 manticores
  A moth of wrath (shapeshifter) (Vaults:3)
  A moth of wrath (Spider:1)
  3 torpor snails
  A vault sentinel (Vaults:2)
  3 demonic crawlers
  5 yaktaurs (Vaults:2)
  A hydra zombie (Swamp:4)
  2 tyrant leeches (Swamp:1)
  3 bloated husks (Swamp:4)
  A meliai (Spider:1)
  3 hornets
  5 tarantellas
  6 jumping spiders
  A wraith (D:14)
  2 wyverns (D:11)
  3 culicivoras
  8 yaks (Lair:6)
  16 redbacks
  2 vampire mosquitoes (Swamp:1)
  A swamp worm (Swamp:1)
  3 water moccasins
  3 orc warriors (Orc:2)
  2 phantoms (Swamp:4)
  An orc priest (Orc:2)
  A spectral swamp drake (Swamp:4)
  A swamp drake zombie (Swamp:4)
172 creatures vanquished.

Vanquished Creatures (others)
  A wolf spider (Spider:2)
  An orc priest (Orc:2)
  32 foxfires
  13 fungi
  104 plants
  A withered plant (D:1)
152 creatures vanquished.

Grand Total: 1481 creatures vanquished

Notes
Turn   | Place    | Note
-------+----------+-------------------------------------------
     0 | D:1      | dolemite99 the Minotaur Gladiator began the quest for the
                  | Orb.
     0 | D:1      | Reached XP level 1. HP: 18/18 MP: 0/0
   134 | D:1      | Found a faded altar of an unknown god.
   145 | D:1      | Prayed at the altar of an unknown god.
   145 | D:1      | Became a worshipper of the Shining One
   145 | D:1      | Reached * piety under the Shining One
   245 | D:1      | Reached XP level 2. HP: 25/25 MP: 1/1
   894 | D:2      | Reached skill level 5 in Staves
   894 | D:2      | Reached XP level 3. HP: 30/30 MP: 2/2
  1247 | D:2      | Found Sauror's Antique Armour Shoppe.
  1953 | D:3      | Reached XP level 4. HP: 36/37 MP: 3/3
  2169 | D:3      | Noticed Ijyb
  2171 | D:3      | Paralysed by Ijyb for 2 turns
  2174 | D:3      | Paralysed by Ijyb for 4 turns
  2179 | D:3      | Paralysed by Ijyb for 5 turns
  2186 | D:3      | Killed Ijyb
  2829 | D:2      | Bought a chain mail for 126 gold pieces
  2983 | D:4      | Reached XP level 5. HP: 37/42 MP: 4/4
  3212 | D:4      | Found a white marble altar of Elyvilon.
  3213 | D:4      | Noticed a black bear
  3218 | D:4      | Killed a black bear
  3218 | D:4      | Noticed a centaur
  3219 | D:4      | Reached XP level 6. HP: 47/50 MP: 5/5
  3559 | D:4      | Reached ** piety under the Shining One
  3574 | D:4      | Reached XP level 7. HP: 56/56 MP: 6/6
  3823 | D:5      | Entered Level 5 of the Dungeon
  3851 | D:5      | Reached skill level 10 in Staves
  3919 | D:5      | Found Seimnoun's Armour Boutique.
  4028 | D:5      | Reached *** piety under the Shining One
  4048 | D:5      | Got the Incunabulum of the Snowflakes
  4300 | D:5      | Reached XP level 8. HP: 53/62 MP: 7/7
  4756 | D:6      | Reached skill level 1 in Bows
  5307 | D:6      | Noticed Eustachio
  5314 | D:6      | Reached skill level 5 in Bows
  5337 | D:6      | Killed Eustachio
  5611 | D:6      | Reached XP level 9. HP: 63/68 MP: 8/8
  6267 | D:6      | Identified the +7 quarterstaff of Silibopp {vorpal, *Noise
                  | Int+7}
  6518 | D:6      | Found a runed translucent door.
  6519 | D:6      | Noticed Crazy Yiuf
  6525 | D:6      | Killed Crazy Yiuf
  6628 | D:7      | Found a staircase to the Ecumenical Temple.
  6718 | D:7      | Noticed Joseph
  6733 | D:7      | Killed Joseph
  7145 | D:7      | Reached **** piety under the Shining One
  7390 | D:7      | Noticed Harold
  7405 | D:7      | Killed Harold
  7406 | D:7      | Reached skill level 10 in Bows
  8385 | D:7      | Reached XP level 10. HP: 74/74 MP: 9/9
  8516 | D:7      | Found a basalt altar of Yredelemnul.
  9179 | D:8      | Reached skill level 3 in Fighting
  9604 | D:8      | Reached skill level 4 in Fighting
 10158 | D:8      | Reached skill level 5 in Fighting
 10298 | D:8      | Found a hazy altar of Hepliaklqana.
 11135 | D:9      | Found a radiant altar of Vehumet.
 11143 | D:9      | Reached skill level 1 in Armour
 11799 | D:9      | Reached skill level 5 in Armour
 11890 | D:9      | Found Xidyl's Weapon Shoppe.
 12016 | D:9      | Noticed a catoblepas
 12059 | D:9      | Identified the +0 ring mail of the Equator {Dex+4}
 12169 | D:9      | Killed a catoblepas
 12667 | D:9      | Noticed a two-headed ogre
 12674 | D:9      | Killed a two-headed ogre
 12675 | D:9      | Reached skill level 6 in Fighting
 13191 | D:10     | Entered Level 10 of the Dungeon
 13820 | D:10     | Reached skill level 7 in Fighting
 13820 | D:10     | Reached XP level 11. HP: 92/92 MP: 10/10
 13929 | D:10     | Found a runed translucent gate.
 13930 | D:10     | Found a runed translucent gate.
 13931 | D:10     | Found a runed translucent gate.
 14035 | D:10     | Reached ***** piety under the Shining One
 14037 | D:10     | Noticed HallandMoats's ghost (journeyman DjFi)
 14267 | D:10     | Reached skill level 1 in Invocations
 15258 | D:10     | Found a staircase to the Orcish Mines.
 15310 | D:10     | Noticed a soul eater
 15594 | D:10     | Reached skill level 5 in Invocations
 15977 | D:11     | Noticed a two-headed ogre
 15989 | D:11     | Killed a two-headed ogre
 15997 | D:11     | Noticed a death knight
 15999 | D:11     | Noticed a skeletal warrior
 16000 | D:11     | Noticed a skeletal warrior
 16949 | D:10     | Killed a death knight
 17955 | D:11     | Killed a skeletal warrior
 18149 | D:11     | Found a staircase to the Lair.
 18184 | D:11     | HP: 2/93 [skeletal warrior[a death knight] (14)]
 18195 | Lair:1   | Entered Level 1 of the Lair of Beasts
 18841 | Lair:1   | Noticed Erica
 18863 | Lair:1   | Killed Erica
 18864 | Lair:1   | Reached XP level 12. HP: 100/101 MP: 18/18
 18919 | Lair:1   | Noticed Maggie
 18931 | Lair:1   | Killed Maggie
 19091 | Lair:1   | Reached skill level 8 in Fighting
 20977 | Lair:2   | Noticed Fannar
 20985 | Lair:2   | Killed Fannar
 21557 | Lair:3   | Reached skill level 9 in Fighting
 21595 | Lair:3   | Noticed a six-headed hydra
 21608 | Lair:3   | Killed a six-headed hydra
 21767 | Lair:3   | Found a hole to the Spider Nest.
 21906 | Lair:3   | Noticed a four-headed hydra
 21914 | Lair:3   | Killed a four-headed hydra
 22080 | Lair:3   | Noticed a boulder beetle
 22149 | Lair:3   | Killed a boulder beetle
 22340 | Lair:3   | Found a staircase to the Swamp.
 22587 | Lair:3   | Identified the +2 robe of the Barracuda {Regen+}
 22594 | Lair:3   | Noticed Sonja
 22601 | Lair:3   | Killed Sonja
 22626 | Lair:3   | Reached skill level 10 in Fighting
 23301 | Lair:4   | Reached XP level 13. HP: 113/113 MP: 19/19
 24061 | Lair:4   | Reached skill level 10 in Armour
 25230 | Lair:5   | Reached skill level 11 in Fighting
 26293 | Lair:6   | Entered Level 6 of the Lair of Beasts
 26579 | Lair:6   | Found a runed translucent door.
 26579 | Lair:6   | Found a viscous altar of Jiyva.
 26583 | Lair:6   | Found a staircase to the Slime Pits.
 26858 | Lair:6   | Reached skill level 12 in Fighting
 26858 | Lair:6   | Reached skill level 1 in Evocations
 27169 | Lair:6   | Reached XP level 14. HP: 127/127 MP: 20/20
 27356 | Lair:6   | Noticed Snorg
 27378 | Lair:6   | Killed Snorg
 28360 | Orc:1    | Entered Level 1 of the Orcish Mines
 29300 | Orc:2    | Entered Level 2 of the Orcish Mines
 29300 | Orc:2    | Found a staircase to the Elven Halls.
 29306 | Orc:2    | Paralysed by an orc sorcerer for 3 turns
 29313 | Orc:2    | Reached skill level 5 in Evocations
 30875 | Orc:2    | Reached skill level 13 in Fighting
 31326 | Orc:2    | Found Mykkyqo's Magic Scroll Emporium.
 31326 | Orc:2    | Found Moipseirgh's Armour Boutique.
 31371 | Orc:2    | Found Koodi's Jewellery Emporium.
 31371 | Orc:2    | Found Tyukoxok's Magic Scroll Boutique.
 31425 | Orc:2    | Bought a scroll of summoning for 123 gold pieces
 31425 | Orc:2    | Bought a scroll of identify for 26 gold pieces
 31430 | Orc:2    | Bought a ring of poison resistance for 320 gold pieces
 31432 | Orc:2    | Bought a scroll of fear for 56 gold pieces
 31432 | Orc:2    | Bought a scroll of teleportation for 48 gold pieces
 31432 | Orc:2    | Bought a scroll of teleportation for 48 gold pieces
 31434 | Orc:2    | Bought an amulet of regeneration for 480 gold pieces
 31435 | Orc:2    | Bought a scroll of magic mapping for 45 gold pieces
 31602 | D:9      | Bought the +0 short sword "Xemnocs" {vorpal, rElec Will++
                  | Str+2} for 435 gold pieces
 32432 | D:12     | You fall into a shaft and drop 1 floor!
 32529 | D:13     | Reached skill level 5 in Dodging
 32861 | D:13     | Noticed Urug
 32876 | D:13     | Killed Urug
 34132 | D:13     | Found a gate to the Vaults.
 34218 | D:13     | Noticed Josephine
 34232 | D:13     | Killed Josephine
 34464 | D:13     | Found a stormy altar of Qazlal.
 34589 | D:13     | Reached XP level 15. HP: 136/136 MP: 21/21
 35925 | D:14     | Reached skill level 10 in Dodging
 36320 | D:14     | Found Sogous's Antique Weapon Boutique.
 37216 | D:14     | Found a transporter.
 37218 | D:14     | Found a corrupted altar of Lugonu.
 37218 | D:14     | Found a transporter.
 37355 | D:14     | Noticed an azure jelly
 37463 | D:15     | Entered Level 15 of the Dungeon
 37947 | D:14     | Reached skill level 15 in Armour
 38848 | D:15     | Found a staircase to the Depths.
 39295 | Swamp:1  | Entered Level 1 of the Swamp
 39328 | Swamp:1  | Reached XP level 16. HP: 128/144 MP: 20/22
 39674 | Swamp:1  | Reached skill level 10 in Invocations
 39969 | Swamp:1  | Identified the +4 ring mail of Words of Power {rPois}
 41033 | Spider:1 | Entered Level 1 of the Spider Nest
 41099 | Spider:1 | Noticed Mlioglotl
 41110 | Spider:1 | Killed Mlioglotl
 41317 | Spider:1 | Reached skill level 15 in Bows
 45447 | Spider:2 | Reached XP level 17. HP: 150/150 MP: 25/25
 47956 | Swamp:2  | Noticed Jorgrun
 47990 | Swamp:2  | Killed Jorgrun
 48368 | Swamp:2  | Identified the +1 plate armour "Nuuxa" {Dex+3}
 50162 | Swamp:4  | Entered Level 4 of the Swamp
 51054 | Swamp:4  | Identified the +8 war axe "Arbiter" {chaos, +Blink rElec
                  | rF+ rC-}
 51054 | Swamp:4  | Noticed HallandMoats's ghost (adept MiFi)
 51054 | Swamp:4  | Found a runed translucent door.
 51054 | Swamp:4  | Found a shimmering altar of Xom.
 52237 | Swamp:4  | Noticed a bone dragon
 52253 | Swamp:4  | Killed a bone dragon
 52254 | Swamp:4  | Reached skill level 15 in Invocations
 52341 | Swamp:4  | Got a decaying rune of Zot
 52942 | Vaults:1 | Entered Level 1 of the Vaults
 53596 | Vaults:1 | Reached skill level 14 in Fighting
 53722 | Vaults:1 | Reached XP level 18. HP: 161/161 MP: 28/28
 53925 | Vaults:1 | Found Soenug's General Store.
 54281 | Vaults:1 | Reached skill level 15 in Fighting
 54908 | Vaults:1 | Reached skill level 16 in Fighting
 55069 | Vaults:1 | Identified the +4 ring mail "Zuphif" {rC- rN+ Str+3 Dex+6}
 55284 | Vaults:1 | Paralysed by a great orb of eyes for 2 turns
 56015 | Vaults:2 | Identified a scroll of acquirement
 56148 | Vaults:2 | Reached skill level 17 in Fighting
 56487 | Vaults:2 | Acquired 488 gold pieces
 56515 | Vaults:2 | Reached skill level 18 in Fighting
 57729 | Vaults:2 | Reached skill level 19 in Fighting
 58391 | Vaults:2 | Noticed a golden dragon
 58401 | Vaults:2 | Killed a golden dragon
 58474 | Vaults:2 | Identified the +7 chain mail of Narcissism {Rampage rF-
                  | Str+4 Int+2}
 59013 | Vaults:3 | Reached skill level 1 in Maces & Flails
 59331 | Vaults:3 | Reached XP level 19. HP: 182/182 MP: 21/29
 59336 | Vaults:3 | Reached skill level 5 in Maces & Flails
 59771 | Vaults:3 | HP: 2/182 [ironbound frostheart[a vault warden] (27)]
 62150 | Vaults:3 | Reached skill level 10 in Maces & Flails
 62611 | Vaults:3 | Found a staircase to the Crypt.
 63136 | Vaults:4 | Found Qiocaiti's General Store.
 63550 | Vaults:4 | Bought a potion of heal wounds for 75 gold pieces
 63550 | Vaults:4 | Bought a wand of charming (6) for 120 gold pieces
 64633 | Vaults:4 | Identified the ring of Ynoclor {rF+ Int+7}
 67129 | Spider:4 | Entered Level 4 of the Spider Nest
 67138 | Spider:4 | Reached skill level 15 in Maces & Flails
 67718 | Spider:4 | Reached XP level 20. HP: 187/191 MP: 2/30
 67777 | Spider:4 | Noticed Asterion
 67781 | Spider:4 | Killed Asterion
 69298 | Spider:4 | Got a gossamer rune of Zot
 69619 | Depths:1 | Entered Level 1 of the Depths
 70318 | Depths:1 | Paralysed by a floating eye for 2 turns
 70584 | Depths:1 | Found a shadowy altar of Dithmenos.
 70695 | Depths:1 | Paralysed by a fenstrider witch for 6 turns
 70699 | Depths:1 | Slain by a vampire knight

Illustrated notes

Levels and vault maps discovered:
D:1:      lightli_arrival_farm, layout_rooms,
          ebering_ecumenical_altar_petrified, hangedman_abyss_or_decor_stabs
D:2:      layout_loops_corners, serial_shops, nicolae_shop_crystal,
          serial_aquarium, aquarium_bridge_long_joined
          [aquarium_subvault_bridge, aquarium_subvault_balcony,
          aquarium_subvault_wall, aquarium_subvault_window,
          aquarium_subvault_balcony, aquarium_subvault_wall], aquarium_window_1,
          aquarium_window_1, aquarium_window_1, aquarium_window_corridor_2,
          aquarium_view_2e, aquarium_view_2a, st_stairs_4
D:3:      layout_loops_corners, minmay_misc_feat_ornament,
          kennysheep_generic_room_15, uniq_ijyb
D:4:      layout_rooms, elyvilon_altar_3, goddamned_bats
D:5:      layout_basic, serial_shops, nicolae_shop_hallway_stairs,
          serial_bayou_pond_e
D:6:      layout_cave_pods, minmay_misc_feat_chi, sword_in_stone,
          uniq_crazy_yiuf_cottage
D:7:      layout_rooms, yredelemnul_altar_generic, minmay_temple_entry_mist,
          mrwooster_statue_mirror, chequers_serial_rivers_small_3, uniq_joseph,
          uniq_harold
D:8:      layout_layer_cave, old_standard_altar
D:9:      nicolae_cairo_tiling, layout_loops_corners, kennysheep_mini_moat,
          serial_shops, nicolae_shop_hallway_plus, grunt_ministairs_5
D:10:     layout_small_grid, kennysheep_orc_monster_closet_entryway,
          gammafunk_ghost_necromancy, corexii_hall_statues_t
D:11:     layout_cross, minmay_lair_entry_grove, gauntlet_entry_generic
D:12:     layout_irregular_city, minmay_checkerbox
D:13:     layout_irregular_city, erik_vaults_2, serial_glass, glass_columns_a,
          glass_columns_c, nicolae_qazlal_eye_of_the_storm, uniq_josephine,
          uniq_urug
D:14:     gammafunk_corrupted_shrine, layout_basic, hex_tiny, serial_shops,
          shop, hex_medium
D:15:     hangedman_depths_entry_try_elsewhere_first, layout_rooms
Lair:1:   layout_layer_cave, wad_woods_road_02, serial_bayou_shore_a,
          uniq_erica, uniq_maggie
Lair:2:   layout_chaotic_city, lemuel_fruit_tree, uniq_fannar
Lair:3:   layout_concentric_octagons, skrybe_swamp_entry_bodies,
          spider_nest_entry_webs, serial_bayou, serial_bayou_lagoon_a,
          serial_bayou_pond_e, serial_bayou_ford_a, serial_bayou_shore_b,
          serial_bayou_pond_d, serial_bayou_pond_c, beast_lair_carwin_6,
          uniq_sonja
Lair:4:   layout_small_grid
Lair:5:   layout_gridlike, serial_bayou_pond_c, gammafunk_lair_bear_cave,
          infiniplex_staircase_pool
Lair:6:   evilmike_catoblepas_cave, layout_gridlike, slime_altar_2, uniq_snorg
Swamp:1:  layout_basic_swamp, hangedman_swamp_ruin_wall
Swamp:2:  layout_basic_swamp, nicolae_swamp_trees_clearing, swamp_pool3,
          uniq_jorgrun
Swamp:3:  layout_falls_marsh, evilmike_swamp_ruin_house_6, swamp_pool4
Swamp:4:  swamp_pestilence, layout_basic_swamp, ebering_ghost_xom
Spider:1: layout_spider_delve, spiders_nest_spider_trap, uniq_mlioglotl
Spider:2: nicolae_spider_hilbert_zone_3 [nicolae_spider_hilbert_4_sides_2_open,
          nicolae_spider_hilbert_3_sides_1_open,
          nicolae_spider_hilbert_3_sides_1_open,
          nicolae_spider_hilbert_3_sides_1_open,
          nicolae_spider_hilbert_3_sides_1_open,
          nicolae_spider_hilbert_4_sides_1_open,
          nicolae_spider_hilbert_4_sides_1_open,
          nicolae_spider_hilbert_4_sides_1_open,
          nicolae_spider_hilbert_4_sides_1_open,
          nicolae_spider_hilbert_4_sides_1_open,
          nicolae_spider_hilbert_4_sides_1_open,
          nicolae_spider_hilbert_4_sides_1_open,
          nicolae_spider_hilbert_4_sides_1_open,
          nicolae_spider_hilbert_3_sides_1_open,
          nicolae_spider_hilbert_3_sides_1_open,
          nicolae_spider_hilbert_3_sides_1_open,
          nicolae_spider_hilbert_3_sides_1_open]
Spider:3: layout_spider_delve
Spider:4: grunt_spider_rune_parallel, uniq_asterion
Orc:1:    nicolae_orc_accident_1, layout_diamond_mine
Orc:2:    grunt_orc_tribal_feast, layout_diamond_mine, david_defended_altar_orc
Vaults:1: vaults_mumra_minichess_inversion, v_pattern_2,
          nicolae_vaults_network_periphery, vaults_dpeg_encased_lava,
          vaults_room_grunt_arrival_ludios, ontoclasm_vaults_loading_screen,
          grunt_vaults_twisty, layout_vaults_omnigrid, serial_shops, shop
Vaults:2: st_octagons_1, hangedman_vaults_river_flow,
          grunt_vaults_hallway_short, v_misc_1, hangedman_vaults_stitches,
          v_misc_23, v_misc_12, layout_vaults_big_room
Vaults:3: hangedman_vaults_cutoff, ontoclasm_vaults_pinch, v_misc_9,
          vaults_dpeg_doors, minmay_crypt_entry_simple_plaza,
          nicolae_vaults_triangles, nicolae_vaults_specimen_jars,
          nicolae_vaults_little_squares_4, vaults_mumra_chevron_long,
          nicolae_vaults_twisting_passages, dpeg_vaults_waves,
          nicolae_vaults_little_squares_4, vaults_room_hallway,
          nicolae_vaults_angled_halls, layout_vaults_omnibox
Vaults:4: nicolae_vaults_sealed_display, v_misc_22, v_rooms_1,
          hangedman_vaults_restitches, ontoclasm_vaults_loading_screen,
          ontoclasm_vaults_claustrophobia, nicolae_vaults_meeting, v_misc_26,
          nicolae_vaults_network_s, v_pattern_1,
          nicolae_vaults_diagonal_hallway_6, ontoclasm_vaults_ring_small,
          v_misc_24, layout_vaults_maze, serial_shops, shop
Depths:1: hellmonk_paralyzer, layout_cave_pools, grunt_mini_vestibule,
          nicolae_concentric_dashed_squares_mild, minmay_misc_feat_rugged,
          nicolae_dithmenos_through_a_glass_darkly, firewood_loft

Skill      XL: |  1  2  3  4  5  6  7  8  9 10 11 12 13 14 15 16 17 18 19 20 |
---------------+-------------------------------------------------------------+-----
Staves         | 4 5 7 8 9 11 12 14 | 14.0
Bows           | 5 10 11 12 14 16 18 | 18.4
Fighting       | 7 10 12 13 14 19 | 19.0
Armour         | 7 9 12 13 16 18 | 18.1
Invocations    | 9 13 15 | 15.1
Evocations     | 3 7 |  7.1
Dodging        | 8 12 | 12.2
Maces & Flails | 4 15 16 | 16.8
Throwing       | |  2.0

Action                   |  1- 3 |  4- 6 |  7- 9 | 10-12 | 13-15 | 16-18 | 19-21 || total
-------------------------+-------+-------+-------+-------+-------+-------+-------++-------
Melee: Quarterstaff      |    66 |    58 |   123 |   192 |   110 |   406 |   112 ||  1067
       Headbutt          |    12 |    12 |    28 |    50 |    91 |   154 |    49 ||   396
       Dire flail        |       |       |       |       |   131 |    22 |       ||   153
       Great mace        |       |       |       |       |       |       |    33 ||    33
 Fire: Shortbow          |       |       |   165 |   593 |   720 |       |       ||  1478
       Longbow           |       |       |       |       |   248 |   843 |   592 ||  1683
Throw: Stone             |       |    16 |     8 |     3 |     4 |     5 |       ||    36
       Dart              |       |       |       |       |       |    20 |       ||    20
Invok: Summon Divine War |       |       |       |     3 |    11 |    21 |     8 ||    43
       Divine Shield     |       |       |       |       |     1 |       |       ||     1
       Cleansing Flame   |       |       |       |       |    12 |    29 |    11 ||    52
Evoke: Wand              |       |       |       |     2 |    24 |    36 |     7 ||    69
       Lightning rod     |       |       |       |       |    10 |    35 |    15 ||    60
  Use: Scroll            |       |     3 |     4 |    19 |    15 |    20 |     9 ||    70
       Potion            |       |       |     2 |     2 |     1 |     9 |    10 ||    24
Armor: Leather armour    |    11 |       |       |       |       |       |       ||    11
       Chain mail        |       |    28 |    77 |   137 |   182 |   511 |   193 ||  1128
       Plate armour      |       |       |       |       |    51 |       |       ||    51
Dodge: Dodged            |    45 |    38 |    70 |   107 |   285 |   533 |   216 ||  1294
Block: Other             |    13 |    22 |    25 |    64 |   121 |    10 |       ||   255
       Reflection        |     2 |     2 |     2 |     5 |    14 |     1 |       ||    26

Table legend: (Time is in decaauts)
 A = Elapsed time spent in this place.
 B = Non-inter-level travel time spent in this place.
 C = Inter-level travel time spent in this place.
 D = Time resting spent in this place.
 E = Time spent auto-exploring this place.
 F = Levels seen in this place.
 G = Mean time per level.
                   A        B        C        D        E       F      G
               +--------+--------+--------+--------+--------+-----+--------+
         Total |  70000 |  67036 |   2964 |  31531 |  24710 |  36 | 1944.4 |
       Dungeon |  26408 |  25067 |   1341 |  11294 |   9995 |  15 | 1760.5 |
          Lair |   9884 |   9321 |    563 |   3244 |   4766 |   6 | 1647.3 |
         Swamp |   6940 |   6785 |    155 |   3325 |   2104 |   4 | 1735.0 |
   Spider Nest |   9523 |   9160 |    363 |   4944 |   2662 |   4 | 2380.8 |
  Orcish Mines |   3041 |   2919 |    122 |   1074 |   1216 |   2 | 1520.5 |
        Vaults |  13139 |  12724 |    415 |   6880 |   3827 |   4 | 3284.8 |
        Depths |   1062 |   1060 |      2 |    767 |    138 |   1 | 1062.0 |
               +--------+--------+--------+--------+--------+-----+--------+

Top non-repeatable levels by time:
Spider:2: 4973 daAuts
    D:10: 4188 daAuts
Vaults:3: 3755 daAuts
Vaults:4: 3289 daAuts
Vaults:1: 3245 daAuts
Vaults:2: 2848 daAuts
    D:13: 2751 daAuts
 Swamp:4: 2553 daAuts
     D:7: 2434 daAuts
  Lair:1: 2274 daAuts
     D:9: 2262 daAuts
    D:14: 2188 daAuts
Spider:4: 2070 daAuts
  Lair:3: 2001 daAuts
     D:8: 1877 daAuts
